 Dungeon Crawl Stone Soup version 0.31-a0-986-g5e6e4ef867 (webtiles) character file.

Game seed: 18421540403049077510

86 IdlyInterested the Changeling (level 4, 0/33 HPs)
             Began as a Demonspawn Shapeshifter on Nov 15, 2023.
             Slain by a kobold
             ... wielding a +0 dagger
              (3 damage)
             ... on level 2 of the Dungeon.
             The game lasted 00:04:40 (970 turns).

IdlyInterested the Changeling (DsSh)                 Turns: 970, Time: 00:04:41

Health: 0/33       AC:  2    Str: 14    XL:     4   Next: 27%
Magic:  4/4        EV: 12    Int: 12    God:
Gold:   61         SH:  0    Dex: 14    Spells: 3/3 levels left

rFire   . .          .
                       - Unarmed
rCold   . . .        (no shield)
rNeg    . . .        q - +0 robe
rPois   .            (helmet currently unavailable)
rElec   .            (cloak currently unavailable)
rCorr   .            (gloves currently unavailable)
SInv    .            (boots currently unavailable)
Will    .....        (no amulet)
Stlth   +            h - ring of flight
HPRegen 0.25/turn    (no ring)
MPRegen 0.18/turn

%: no passive effects
@: beast-form, attractive, flying
A: beast (slay +2), magic regeneration, demonic magic 1, demonic touch 1
a: Begin Untransformation


You were on level 2 of the Dungeon.
You were a hulking beast.
You visited 1 branch of the dungeon, and saw 2 of its levels.

You collected 61 gold pieces.

Inventory:

Hand Weapons
 g - a +0 dagger
 k - a +0 short sword
Missiles
 n - 8 stones
Armour
 o - a +0 kite shield
 p - a +0 plate armour
 q - a +0 robe (worn)
Jewellery
 e - a ring of ice
 h - a ring of flight (left hand)
Talismans
 c - a beast talisman
 d - a flux talisman
Scrolls
 f - a scroll of noise {unknown}
 i - a scroll of poison {unknown}
 j - a scroll of identify {unknown}


   Skills:
 - Level 2.0 Fighting
 + Level 0.6 Short Blades
 - Level 2.0 Dodging
 + Level 3.2 Unarmed Combat
 * Level 3.5 Shapeshifting


You had 3 spell levels left.
You didn't know any spells.
Your spell library contained the following spells:

 Spells                   Type           Power      Damage    Failure   Level
 Ozocubu's Armour         Ice            0%         N/A       69%         3
 Metabolic Englaciation   Hex/Ice        0%         N/A       100%        5
 Simulacrum               Ice/Necr       0%         N/A       100%        6


Dungeon Overview and Level Annotations

Branches:
Dungeon (2/15)

Altars:


Innate Abilities, Weirdness & Mutations

You are a hulking beast.
Your limbs bulge with bestial killing power. (Slay +2)
You regenerate magic rapidly.
Spells you cast may paralyse adjacent enemies.
Your touch may inflict minor irresistible damage on your foes.


Message History

You smack the orc priest!
The orc priest is almost dead.
The orc hits you but does no damage. x2
The orc priest calls down the wrath of Beogh upon you.
Beogh smites you!
* * * LOW HITPOINT WARNING * * *
You smack the orc priest!
You kill the orc priest!
Your transformation is almost over.
The orc hits you but does no damage. x2
You have reached level 4!
You feel clever.
Your demonic ancestry asserts itself...
Your hands begin to faintly glow with unholy energy.
You closely miss the orc. The orc barely misses you.
The kobold hits you but does no damage. The orc hits you but does no damage.
You hit the orc but do no damage. The orc completely misses you.
The kobold hits you but does no damage. The orc hits you but does no damage.
You completely miss the orc. The orc hits you but does no damage.
The kobold hits you but does no damage. The orc hits you but does no damage.
You barely miss the orc. The kobold hits you but does no damage.
You smack the orc!
You kill the orc!
The kobold hits you but does no damage.
The orc throws a boomerang.
The boomerang hits you but does no damage.
The orc is attracted toward you.
Unknown command.
You smack the orc!
You kill the orc!
The orc hits you but does no damage. The kobold hits you with a +0 dagger.
* * * LOW HITPOINT WARNING * * *
You closely miss the orc. The orc hits you but does no damage.
The kobold hits you but does no damage.
You smack the orc!
You kill the orc!
The kobold hits you but does no damage.
You barely miss the kobold.
You feel less wooden.
Your +0 robe unmelds from your body.
You turn into a hulking beast.
The kobold hits you with a +0 dagger.
You die...

#.....#†........#
#.#.###...#######
#.#..##...#
##.##.##...#.
#...........>#
##..........###
#>.)........##########.#
#.#######.......)K.....#
#..## #.......h)..#
#...# #....######.....
#...# #....# ... #..#.##
#)#### . #.###.# #.#
#..#.####.# #........[#
##..#.##### #..#.#


You could see a kobold.

Vanquished Creatures
  2 orc priests (D:2)
  A dart slug (D:2)
  3 orcs (D:2)
  2 ball pythons (D:1)
  A bat (D:2)
  A giant cockroach (D:1)
  3 goblins (D:1)
  2 hobgoblins
  2 kobolds (D:1)
  A quokka (D:1)
18 creatures vanquished.

Notes
Turn   | Place    | Note
-------+----------+-------------------------------------------
     0 | D:1      | IdlyInterested the Demonspawn Shapeshifter began the quest
                  | for the Orb.
     0 | D:1      | Reached XP level 1. HP: 15/15 MP: 1/1
    75 | D:1      | Found a faded altar of an unknown god.
   212 | D:1      | Gained mutation: Spells you cast may paralyse adjacent
                  | enemies. [demonic ancestry]
   212 | D:1      | Reached XP level 2. HP: 18/21 MP: 2/2
   959 | D:2      | Gained mutation: You regenerate magic rapidly. [demonic
                  | ancestry]
   959 | D:2      | Reached XP level 3. HP: 12/27 MP: 3/3
   962 | D:2      | Gained mutation: Your touch may inflict minor irresistible
                  | damage on your foes. [demonic ancestry]
   962 | D:2      | Reached XP level 4. HP: 4/33 MP: 4/4
   970 | D:2      | Slain by a kobold

Illustrated notes

Levels and vault maps discovered:
D:1:      lemuel_arrival_funnel, layout_basic,
          hellmonk_ecumenical_altar_zigzags, nicolae_titane
D:2:      layout_loops_ring

Skill      XL: |  1  2 |
---------------+-------+-----
Dodging        | 2 |  2.0
Shapeshifting  | 3 |  3.5
Fighting       | 2 |  2.0
Unarmed Combat | 3 |  3.2
Short Blades   | |  0.6

Action                     |  1- 3 |  4- 6 || total
---------------------------+-------+-------++-------
  Melee: Unarmed           |    45 |     9 ||    54
    Use: Potion            |     3 |       ||     3
 Armour: Animal skin       |    20 |       ||    20
         Skin              |     9 |    15 ||    24
         Robe              |     1 |     1 ||     2
  Dodge: Dodged            |    20 |     2 ||    22

Table legend: (Time is in decaauts)
 A = Elapsed time spent in this place.
 B = Non-inter-level travel time spent in this place.
 C = Inter-level travel time spent in this place.
 D = Time resting spent in this place.
 E = Time spent auto-exploring this place.
 F = Levels seen in this place.
 G = Mean time per level.
                   A        B        C        D        E       F      G
               +--------+--------+--------+--------+--------+-----+--------+
         Total |    966 |    958 |      8 |     39 |    702 |   2 |  483.0 |
       Dungeon |    966 |    958 |      8 |     39 |    702 |   2 |  483.0 |
               +--------+--------+--------+--------+--------+-----+--------+

Top non-repeatable levels by time:
     D:1: 790 daAuts
     D:2: 175 daAuts
